 Dungeon Crawl Stone Soup version 0.19.1-1-g22dce08 (webtiles) character file.

161 Boing the Magician (level 5, -2/28 HPs)
             Began as a Deep Elf Wizard on Jan 18, 2017.
             Slain by a hound (4 damage)
             ... on level 4 of the Dungeon.
             The game lasted 00:12:43 (2423 turns).

Boing the Magician (Deep Elf Wizard)                Turns: 2423, Time: 00:12:43

Health: -2/28      AC:  4    Str:  4    XL:     5   Next: 18%
Magic:  5/16       EV: 13    Int: 32    God:
Gold:   124        SH:  0    Dex: 13    Spells: 6 memorised, 4 levels left

rFire  . . .     SeeInvis .     f - +2 dagger (venom)
rCold  . . .     Gourm    .     a - +0 robe
rNeg   . . .     Faith    .     (no shield)
rPois  .         Spirit   .     b - +0 hat
rElec  .         Reflect  .     o - +1 cloak
rCorr  .         Harm     .     (no gloves)
MR     .....                    (no boots)
Stlth  ++........               (no amulet)
                                l - +3 ring of intelligence
                                p - +5 ring of intelligence

@: no status effects
A: no striking features
a: no special abilities


You were on level 4 of the Dungeon.
You were not hungry.

You visited 1 branch of the dungeon, and saw 4 of its levels.

You collected 124 gold pieces.

Inventory:

Hand Weapons
 f - a +2 dagger of venom (weapon)
 t - a +1 vampiric short sword
Missiles
 m - 37 poisoned needles
Armour
 a - a +0 robe (worn)
 b - a +0 hat (worn)
 o - a +1 cloak (worn)
Jewellery
 i - an uncursed ring of magical power
 l - a +3 ring of intelligence (right hand)
 p - a +5 ring of intelligence (left hand)
 q - an uncursed ring of ice
 v - an uncursed ring of protection from fire
Scrolls
 e - 2 scrolls of recharging
 k - 5 scrolls of identify
 s - a scroll of remove curse
 u - a scroll of random uselessness
 w - a scroll of immolation
Potions
 g - 3 potions of curing
 h - a potion of cancellation {unknown}
 j - a potion of berserk rage {unknown}
 r - a potion of heal wounds {unknown}
Books
 c - a book of Minor Magic

   Spells                             Type                      Level
   a - Magic Dart                     Conjuration                  1
   b - Blink                          Translocation                2
   c - Call Imp                       Summoning                    2
   d - Repel Missiles                 Charms/Air                   2
   e - Slow                           Hexes                        2
   f - Conjure Flame                  Conjuration/Fire             3
   g - Mephitic Cloud                 Conjuration/Poison/Air       3
 x - a book of Changes

   Spells                             Type                      Level
   a - Beastly Appendage              Transmutation                1
   b - Sticks to Snakes               Transmutation                2
   c - Spider Form                    Transmutation/Poison         3
   d - Ice Form                       Ice/Transmutation            4
   e - Blade Hands                    Transmutation                5
Comestibles
 d - 2 bread rations
 n - a royal jelly


   Skills:
 + Level 0.2 Short Blades
 + Level 3.0 Dodging
 - Level 2.4 Stealth
 + Level 6.6 Spellcasting
 * Level 3.1 Conjurations
 + Level 1.1 Summonings
 + Level 1.3 Translocations


You had 4 spell levels left.
You knew the following spells:

 Your Spells              Type           Power        Failure   Level  Hunger
a - Magic Dart            Conj           ####         1%          1    None
b - Blink                 Tloc           N/A          3%          2    None
c - Call Imp              Summ           ###.....     4%          2    None
d - Mephitic Cloud        Conj/Pois/Air  ###.....     10%         3    None
r - Repel Missiles        Chrm/Air       ##....       10%         2    None
s - Spider Form           Tmut/Pois      ##........   14%         3    None


Dungeon Overview and Level Annotations

Branches:
Dungeon (4/15)
 Temple: D:4-7

Altars:
Ru

Shops:
D:4 %

Annotations:
D:4 OrDronus's ghost, amateur DsIE


Message History

Confirm with . or Enter, or press ? or * to list all spells.
Aiming: Mephitic Cloud
Press: ? - help, Shift-Dir - straight line, f - gnoll
Aim: a gnoll, wielding a spear
Okay, then.
The gnoll hits you from afar with a spear.
* * * LOW HITPOINT WARNING * * *
Casting: Mephitic Cloud
Confirm with . or Enter, or press ? or * to list all spells.
Aiming: Mephitic Cloud
Press: ? - help, Shift-Dir - straight line That beam is likely to hit you.
Continue anyway?
Uppercase [Y]es or [N]o only, please.
That beam is likely to hit you.
Continue anyway?
The ball explodes into a vile cloud!
The stinking cloud engulfs the gnoll. x2
The stinking cloud engulfs the hound.
The stinking cloud engulfs you!
You are engulfed in noxious fumes.
* * * LOW HITPOINT WARNING * * *
The hound bites you.
You die...

#........#
#.........
###........#
#($.g.....#
#...?...#.#
#.......#.#
#.g§§.....##
#.§§g.......
#..h@.......
#.......###.
#########
.......
.....# ....#
...#


You could see a hound and 3 gnolls.

Vanquished Creatures
  A centaur skeleton (D:4)
  An orc priest (D:3)
  3 adders
  2 oozes
  2 dart slugs
  5 orcs (D:3)
  5 giant cockroaches
  5 goblins
  6 hobgoblins
  4 jackals (D:3)
  6 kobolds
  3 quokkas
  3 bats
  2 frilled lizards
  5 rats
53 creatures vanquished.

Notes
Turn   | Place    | Note
-------+----------+-------------------------------------------
     0 | D:1      | Boing the Deep Elf Wizard began the quest for the Orb.
     0 | D:1      | Reached XP level 1. HP: 10/10 MP: 7/7
   528 | D:1      | Reached skill level 5 in Spellcasting
   528 | D:1      | Reached XP level 2. HP: 10/15 MP: 10/10
   623 | D:1      | Learned a level 2 spell: Blink
   628 | D:1      | Learned a level 2 spell: Call Imp
  1090 | D:2      | Reached XP level 3. HP: 19/19 MP: 6/12
  1136 | D:2      | Learned a level 3 spell: Mephitic Cloud
  1139 | D:2      | Learned a level 2 spell: Repel Missiles
  1568 | D:3      | Reached skill level 6 in Spellcasting
  1682 | D:3      | Found a sacrificial altar of Ru.
  1690 | D:3      | Reached XP level 4. HP: 22/24 MP: 5/14
  2295 | D:3      | Learned a level 3 spell: Spider Form
  2332 | D:4      | Reached XP level 5. HP: 11/28 MP: 8/16
  2403 | D:4      | Noticed OrDronus's ghost (amateur DsIE)
  2413 | D:4      | Found Xostraoh's Food Emporium.
  2423 | D:4      | Slain by a hound

Skill      XL: |  1  2  3  4 |
---------------+-------------+-----
Spellcasting   | 5 6 |  6.6
Dodging        | 3 |  3.0
Conjurations   | 3 |  3.1
Short Blades   | |  0.2
Stealth        | |  2.4
Summonings     | |  1.1
Translocations | |  1.3

Action                   |  1- 3 |  4- 6 || total
-------------------------+-------+-------++-------
Melee: Dagger            |     4 |     8 ||    12
 Cast: Magic Dart        |    77 |    45 ||   122
       Call Imp          |     1 |     4 ||     5
       Blink             |     2 |       ||     2
       Mephitic Cloud    |       |     3 ||     3
       Spider Form       |       |     1 ||     1
  Use: Scroll            |     9 |       ||     9
 Stab: Sleeping          |     1 |       ||     1
  Eat: Chunk             |     2 |     2 ||     4
Armor: Robe              |     9 |     8 ||    17
Dodge: Dodged            |    13 |    14 ||    27
